[Event "3rd Tal Heraklion-IM 2022"]
[Site "Heraklion"]
[Date "2022.04.30"]
[Round "5.1"]
[White "Rakshitta Ravi"]
[Black "Kotsinis, Alexandros"]
[Result "1/2-1/2"]
[ECO "C24"]
[WhiteElo "2240"]
[BlackElo "2055"]
[Annotator "TA"]
[PlyCount "89"]
[EventDate "2022.04.18"]
[EventType "tourn"]
[EventCountry "GRE"]
[SourceTitle "playchess.com"]
[Source "ChessBase"]
[SourceQuality "1"]
[TimeControl "40/5400+30:1800+30"]

1. e4 e5 2. Bc4 Nf6 3. d3 c6 4. Nf3 Be7 5. Nc3 d6 (5... b5 $5 6. Bb3 d6 $11) 6. Bb3 {[%emt 0:04:55] C24: Bishop's Opening: 2...Nf6.} O-O 7. h3 Nbd7 8. a4 Nc5 9. Ba2 {[%emt 0:02:44] [#]} a5 $146 ({Predecessor:} 9... Be6 10. Bxe6 Nxe6 11. O-O Qc7 12. d4 exd4 13. Nxd4 Rad8 14. Be3 Nxd4 15. Qxd4 b6 16. Rad1 d5 17. exd5 Nxd5 18. Nxd5 Rxd5 19. Qe4 Rfd8 20. Rxd5 cxd5 21. Qd3 {½-½ (21) Lobo,A (1901)-Arambulo Urdaneta,H (2031) ICCF email 2016}) 10. Be3 b6 11. O-O Be6 12. Re1 Qb8 13. Bg5 Bxa2 14. Rxa2 Ne6 15. Bh4 Re8 16. d4 exd4 17. Nxd4 Nxd4 18. Qxd4 Nd7 19. Bg3 Nc5 20. f3 Qb7 21. Qc4 ({Don't blunder} 21. Bxd6 $2 Rad8 22. e5 Bxd6 $19) 21... Qa6 22. Qxa6 Nxa6 23. Raa1 Nb4 24. Re2 d5 25. Bf2 Bc5 26. exd5 ({White should play} 26. Bxc5 $14 bxc5 27. Rd2) 26... Rxe2 $11 ({Don't do} 26... cxd5 27. Rd1 $14) 27. Nxe2 Bxf2+ 28. Kxf2 {[%emt 0:00:05] next dxc6 is good for White.} Nxd5 $14 {[%emt 0:00:16][%mdl 4096] Endgame KRN-KRN} 29. Rd1 Kf8 30. Nd4 Ne7 31. c3 f6 32. Ne6+ Kf7 33. Nd8+ Ke8 {[%emt 0:00:29] The position is equal.} 34. Nb7 Rb8 35. Nd6+ Kf8 36. Ne4 f5 37. Ng5 h6 38. Ne6+ Kf7 39. Rd6 b5 40. Nc5 bxa4 41. Nxa4 f4 42. Rd7 Rb5 43. Ra7 Kf6 44. Ra6 Rd5 45. Ke2 {[%emt 0:06:56] Weighted Error Value: White=0.06 (flawless) /Black=0.05 (flawless)} 1/2-1/2

[Event "3rd Tal Heraklion-IM 2022"]
[Site "Heraklion"]
[Date "2022.04.30"]
[Round "5.2"]
[White "Bracker, Arne"]
[Black "Cmiel, Thorsten"]
[Result "1-0"]
[ECO "B13"]
[WhiteElo "2276"]
[BlackElo "2079"]
[Annotator "TA"]
[PlyCount "97"]
[EventDate "2022.04.18"]
[EventType "tourn"]
[EventCountry "GRE"]
[SourceTitle "playchess.com"]
[Source "ChessBase"]
[SourceQuality "1"]
[TimeControl "40/5400+30:1800+30"]

1. e4 c6 2. d4 d5 3. exd5 cxd5 4. Bd3 Nc6 5. c3 e6 6. f4 {[%emt 0:03:14] B13: Caro-Kann: Exchange Variation and Panov-Botvinnik Attack.} g6 7. Nf3 Bg7 8. O-O {[%emt 0:01:08] The position is equal.} Nge7 9. Qe2 {[%emt 0:04:59] [#]} Qc7 $146 ({Predecessor:} 9... O-O 10. Be3 Re8 11. Nbd2 a6 12. a4 b6 13. b4 Qc7 14. g3 Nf5 15. b5 Nce7 {1-0 (34) Schmoldt,J-Smeckert,D Ann Arbor 1991}) 10. Nbd2 Qxf4 11. Ne4 Qc7 $15 12. Neg5 O-O 13. Bd2 e5 (13... Qb6 $17 {Hoping for ...h6.} 14. Bf4 h6) 14. Nxe5 $1 Nxe5 15. dxe5 Qxe5 16. Qf2 Nf5 17. Rae1 Qc7 18. g4 $36 {[%emt 0:03:41][%mdl 2048] White is more active.} Nh6 (18... h6 $2 19. gxf5 hxg5 20. f6 $18 (20. fxg6 Bh3 $14) (20. Bxg5 Bxf5 21. Bxf5 gxf5 $14)) 19. h3 Bxg4 20. hxg4 $16 Nxg4 21. Qh4 {[%emt 0:05:46] White is more active.} ({White should try} 21. Qg2 $16 Qd7 22. Bc2) 21... h5 $14 22. Kg2 d4 23. c4 Ne3+ 24. Bxe3 {[%emt 0:01:33] The board is on fire.} dxe3 25. Rxe3 Rad8 $1 26. b3 Qa5 $1 27. Be4 (27. Ne4 $14) 27... Qd2+ $1 $17 {[%emt 0:04:42][%mdl 1024] Black has strong compensation.} (27... Bh6 $2 28. Rg3 Qd2+ 29. Rf2 $18) 28. Kf3 Rd6 29. Qe1 Qh2 {[%emt 0:00:47] ( -> ...Rf6+)} 30. Re2 (30. Rf2 $1 $15 Rf6+ 31. Ke2 Rxf2+ 32. Qxf2 Qxf2+ 33. Kxf2) 30... Rf6+ $19 ({Reject} 30... Qe5 $6 31. Nh3 $14) 31. Ke3 {[%emt 0:00:01] [#]} Rxf1 $1 32. Qxf1 $11 Qg3+ 33. Nf3 Rd8 ({Not} 33... Re8 34. Kd3 $16) 34. Bd5 $1 Bh6+ ({Black should play} 34... b5) 35. Kd3 $16 Qf4 36. Nd2 {[%emt 0:00:44] Qxf4 is the strong threat.} Qxf1 37. Nxf1 {[%emt 0:00:02] Threatens to win with Re7.} Rd7 {[%emt 0:00:01] Inhibits Re7.} 38. Ng3 Kg7 39. Ne4 b6 {[%emt 0:00:01] Inhibits Nc5.} 40. Rg2 (40. Nd2 $16) 40... Bf4 (40... h4 $14) 41. Kd4 ({Better is} 41. Ng3 $16 {Strongly threatening Nxh5+.} Bxg3 42. Rxg3) 41... f5 $11 42. Ng5 {[%emt 0:01:49] And now Ne6+ would win.} Bxg5 (42... Kf6 $15 {keeps the upper hand.} 43. Nh3 Be5+ 44. Ke3 h4) 43. Rxg5 $15 {[%emt 0:00:02][%mdl 4096] Endgame KRB-KR} Kf6 44. Rg1 g5 {[%emt 0:06:01] [#]} (44... a5 $142 45. Re1 Rd6) 45. b4 $1 $18 g4 {[%emt 0:00:43] [#]} 46. c5 $1 {[%emt 0:01:02] Black must now prevent c6.} bxc5+ (46... Rc7 47. c6 h4) 47. bxc5 {[%emt 0:00:07] White is clearly winning.} f4 48. c6 Rh7 49. Rc1 {[%emt 0:03:58] What a bad dream for Black.  Weighted Error Value: White=0.23 (precise) /Black=0.31} 1-0

[Event "3rd Tal Heraklion-IM 2022"]
[Site "Heraklion"]
[Date "2022.04.30"]
[Round "5.3"]
[White "Langrock, Hannes"]
[Black "Anagnostopoulos, Konstantinos"]
[Result "1-0"]
[ECO "E05"]
[WhiteElo "2351"]
[BlackElo "2340"]
[Annotator "TA"]
[PlyCount "93"]
[EventDate "2022.04.18"]
[EventType "tourn"]
[EventCountry "GRE"]
[SourceTitle "playchess.com"]
[Source "ChessBase"]
[SourceQuality "1"]
[TimeControl "40/5400+30:1800+30"]

1. d4 d5 2. Nf3 Nf6 3. g3 e6 4. Bg2 Be7 5. O-O O-O 6. c4 dxc4 7. Qc2 a6 8. a4 Bd7 9. Qxc4 Bc6 10. Bg5 h6 {[%emt 0:06:40] E05: Open Catalan: 5 Nf3 Be7.} 11. Bxf6 Bxf6 12. Nc3 Bxf3 {[%emt 0:04:25] The position is equal.} 13. Bxf3 c6 ({Much less strong is} 13... Nc6 14. Bxc6 bxc6 15. e3 $16 (15. Qxc6 Qxd4 16. Rfd1 Qb6 $11)) 14. e3 a5 15. b4 {[%emt 0:02:19] [#]} e5 $146 ({Predecessor:} 15... axb4 16. Qxb4 Ra7 17. a5 Nd7 18. a6 Be7 19. Qc4 bxa6 20. Rxa6 Nb6 21. Qa2 Rxa6 22. Qxa6 {½-½ (33) Ding,L (2774)-Carlsen,M (2837) Saint Louis 2017}) 16. d5 (16. Rab1 $14) 16... e4 $1 $11 17. Bxe4 cxd5 18. Nxd5 Bxa1 19. Rxa1 Nd7 20. Rb1 Re8 21. Bg2 Ne5 22. Qb5 axb4 23. Qxb4 Nc6 (23... Qa5 $15) 24. Qb5 ({Don't go for} 24. Qxb7 $2 Rb8 25. Qxc6 Rxb1+ 26. Bf1 Re6 $19) (24. Qf4 $5 ) 24... Re5 25. Rd1 ({Don't blunder} 25. Qxb7 $2 Rb8 26. Qxb8 Nxb8 $19) 25... Qa5 26. Qxb7 Qxa4 {[%emt 0:03:58][%mdl 8192] [#] Black cannot hold the game after this.} (26... Re6 $11) 27. Nc3 $1 $18 Qa5 (27... Qa6 {might work better.} 28. Bxc6 Qxb7 29. Bxb7 Rb8) 28. Qxc6 Rb8 29. Nd5 Re6 30. Qc3 Qa4 (30... Qxc3 {is a better defense.} 31. Nxc3 g6) 31. Ra1 Qg4 32. h3 Qf5 33. e4 Qg5 34. Kh2 h5 (34... Qe5 {was called for.} 35. Qa5 Rb2) 35. h4 Qd8 36. Bf3 g5 37. hxg5 (37. Bxh5 $142 Reb6 38. Nxb6 Qxb6 39. Qf3) 37... Qxg5 38. Qe3 Qe5 39. Qf4 Qxa1 (39... Qxf4 $142 40. gxf4 h4) 40. Qxb8+ Kg7 41. Nf4 Rh6 42. Nxh5+ Kh7 43. Qf4 Qa2 44. Bg4 Kg8 45. Qb8+ Kh7 46. Bf5+ Rg6 47. Kg2 {[%emt 0:03:49] Weighted Error Value: White=0.49/Black=0.61} 1-0

[Event "3rd Tal Heraklion-IM 2022"]
[Site "Heraklion"]
[Date "2022.04.30"]
[Round "5.4"]
[White "Peng, Li Min"]
[Black "Sandalakis, Nikolaos"]
[Result "1-0"]
[ECO "D94"]
[WhiteElo "2517"]
[BlackElo "2240"]
[Annotator "TA"]
[PlyCount "139"]
[EventDate "2022.04.18"]
[EventType "tourn"]
[EventCountry "GRE"]
[SourceTitle "playchess.com"]
[Source "ChessBase"]
[SourceQuality "1"]
[TimeControl "40/5400+30:1800+30"]

1. Nf3 d5 2. e3 Nf6 3. c4 c6 4. Nc3 g6 5. d4 Bg7 6. Be2 O-O 7. O-O Bg4 8. cxd5 cxd5 9. Qb3 b6 10. h3 Bc8 {[%emt 0:00:41] now scores much better than the old 10...Bxf3. D94: Grünfeld: 4 Nf3 Bg7 5 e3.} 11. Ne5 Bb7 12. Bd2 Nc6 {[%emt 0:09:34] White has an edge.} 13. Rac1 Nxe5 14. dxe5 Nd7 15. f4 $36 {[%emt 0:15:33][%mdl 2048] White is pushing.} Nc5 {[%emt 0:04:42] [#]} 16. Qd1 $146 ({Predecessor:} 16. Qc2) 16... f6 (16... d4 $11 17. Nb5 d3) 17. b4 $14 Ne4 18. Nxe4 dxe4 19. Qb3+ Bd5 20. Bc4 {[%emt 0:00:06] White is more active.} e6 21. exf6 Bxf6 22. Bc3 Bxc3 23. Rxc3 ({But not} 23. Qxc3 Rc8 24. Qd4 Bxc4 25. Rxc4 Qd5 26. Rxc8 Rxc8 $14) 23... Rc8 24. Rd1 (24. b5 $16) 24... Rxc4 $1 $11 25. Qxc4 Bxc4 26. Rxd8 Rxd8 27. Rxc4 {[%emt 0:00:10][%mdl 4096] Endgame KR-KR} Rd1+ 28. Kh2 Rd3 (28... Ra1 $11 {remains equal.}) 29. Rxe4 $16 Kf7 30. a4 a5 {[%emt 0:02:43] Black cannot hold the game after this.} (30... a6 $1 $14) 31. b5 h5 32. Kg3 Ra3 33. Kf3 h4 (33... Rc3 $16 34. g4 hxg4+ 35. hxg4 Rc2) 34. Rc4 $18 Kf6 35. Rc6 Rxa4 36. Rxb6 Ra3 37. Rb8 {[%emt 0:00:45] b6 is the strong threat.} Rb3 38. b6 Kg7 39. b7 {[%emt 0:00:11] Black must now prevent Kg4.} Rb2 40. Ra8 Rxb7 41. Rxa5 Kf6 42. Ra8 {[%emt 0:00:02] Inhibits Rb8.} g5 $2 (42... Rb4 {is a better chance.} 43. Rh8 e5 44. Rxh4 e4+ 45. Kg4 Rb2) 43. Rh8 gxf4 44. exf4 Rb3+ {[%emt 0:00:27] [#]} 45. Kf2 $1 Rb2+ {[%emt 0:01:07] [#]} 46. Kg1 $1 Kf5 47. Rxh4 Rb1+ 48. Kh2 Rb3 49. Rg4 {[%emt 0:00:37] Strongly threatening Rg3.} Re3 50. Rg3 Re1 (50... Re2 $142 51. Rf3 Kg6) 51. Rf3 Re2 52. Kg3 Ra2 53. Re3 Ra7 54. Re5+ Kf6 55. Kg4 Rg7+ 56. Rg5 Ra7 57. h4 {[%emt 0:00:09][%cal Bh3h4,Bh4h5][%mdl 32] And now h5 would win.} Ra2 58. g3 Ra1 59. h5 {[%emt 0:00:17] Threatening mate with h6.} Rh1 60. Rg6+ Kf7 61. Kg5 Ra1 62. Rf6+ Ke7 63. g4 Rg1 64. Rh6 (64. Rg6 $142 Rh1 65. h6) 64... Kf7 65. Rh7+ {[%emt 0:00:23] White mates.} Kf8 66. Ra7 Rg2 67. Kf6 Kg8 68. g5 Rf2 69. Ra8+ Kh7 70. g6+ {[%emt 0:00:34] Weighted Error Value: White=0.07 (flawless) /Black=0.30} 1-0

[Event "3rd Tal Heraklion-IM 2022"]
[Site "Heraklion"]
[Date "2022.04.30"]
[Round "5.5"]
[White "Milonakis, Georgios"]
[Black "Lirindzakis, Timotheos"]
[Result "1/2-1/2"]
[ECO "D76"]
[WhiteElo "2215"]
[BlackElo "2164"]
[Annotator "TA"]
[PlyCount "63"]
[EventDate "2022.04.18"]
[EventType "tourn"]
[EventCountry "GRE"]
[SourceTitle "playchess.com"]
[Source "ChessBase"]
[SourceQuality "1"]
[TimeControl "40/5400+30:1800+30"]

1. c4 g6 2. d4 Nf6 3. Nf3 Bg7 4. g3 O-O 5. Bg2 d5 6. cxd5 Nxd5 7. O-O Nb6 8. Nc3 Nc6 9. e3 e5 10. dxe5 Nxe5 11. Nxe5 Qxd1 12. Rxd1 Bxe5 13. h3 {[%emt 0:08:44] D76: Fianchetto Grünfeld: Main Line with 7...Nb6.} c6 14. f4 Bg7 15. e4 Be6 {[%emt 0:04:15] [#]} 16. e5 $146 ({Predecessor:} 16. Bf1 Bc4 17. Bxc4 Nxc4 18. e5 f6 19. b3 Nb6 20. exf6 Bxf6 21. Bb2 Rfe8 22. Kf2 {½-½ (30) Pitic,J (2165)-Bewersdorff,O (2355) Mainz 1995}) 16... Rfd8 17. Be3 f6 18. Bd4 fxe5 19. Bxe5 Bxe5 20. fxe5 Nc4 21. Ne4 Nxe5 22. Nc5 Rxd1+ 23. Rxd1 {[%emt 0:00:05] The position is equal.} Bxa2 24. Re1 {[%emt 0:05:54] [#]} b6 $1 25. Rxe5 bxc5 26. Rxc5 $11 {[%emt 0:00:50][%mdl 4096] Endgame KRB-KRB} Bf7 27. Rxc6 Rd8 28. Rc7 Rd1+ 29. Kh2 Rd2 {[%emt 0:00:43] [#] ...Bd5 is the strong threat.} 30. Kg1 a5 31. Ra7 Rxb2 {[%emt 0:01:27] Strongly threatening ...Ra2.} 32. Rxa5 {[%emt 0:00:12] Weighted Error Value: White=0.03 (flawless) /Black=0.04 (flawless)} 1/2-1/2

[Event "3rd Tal Heraklion-IM 2022"]
[Site "Heraklion"]
[Date "2022.04.30"]
[Round "6.1"]
[White "Kotsinis, Alexandros"]
[Black "Lirindzakis, Timotheos"]
[Result "1/2-1/2"]
[ECO "C92"]
[WhiteElo "2055"]
[BlackElo "2164"]
[Annotator "TA"]
[PlyCount "31"]
[EventDate "2022.04.18"]
[EventType "tourn"]
[EventCountry "GRE"]
[SourceTitle "playchess.com"]
[Source "ChessBase"]
[SourceQuality "1"]
[TimeControl "40/5400+30:1800+30"]

1. e4 e5 2. Nf3 Nc6 3. Bb5 a6 4. Ba4 Nf6 5. O-O Be7 6. Re1 b5 7. Bb3 d6 8. c3 O-O 9. h3 Re8 10. Ng5 Rf8 11. Nf3 Bb7 12. d4 Re8 13. Ng5 Rf8 14. Nf3 Re8 {[%emt 0:00:39] [#]} 15. Ng5 $146 ({Predecessor:} 15. Nbd2 Bf8 16. a4 exd4 17. cxd4 Na5 18. Bc2 b4 19. b3 g6 20. Bb2 d5 21. e5 Nh5 22. Nf1 Rc8 23. Ne3 c5 24. dxc5 Rxc5 25. Ng4 Nc6 26. Qd2 d4 {1-0 (65) Giri,A (2772)-Le,Q (2709) chess24.com INT 2022}) 15... Rf8 16. Nf3 {[%emt 0:00:08] 16.Nf3 has lost popularity.} 1/2-1/2

[Event "3rd Tal Heraklion-IM 2022"]
[Site "Heraklion"]
[Date "2022.05.02"]
[Round "7.1"]
[White "Bracker, Arne"]
[Black "Kotsinis, Alexandros"]
[Result "1-0"]
[ECO "C83"]
[WhiteElo "2276"]
[BlackElo "2055"]
[Annotator "TA"]
[PlyCount "83"]
[EventDate "2022.04.18"]
[EventType "tourn"]
[EventCountry "GRE"]
[SourceTitle "playchess.com"]
[Source "ChessBase"]
[SourceQuality "1"]
[TimeControl "40/5400+30:1800+30"]

1. e4 {[%emt 0:00:03] Karjakin,S} e5 2. Nf3 Nc6 3. Bb5 a6 4. Ba4 Nf6 5. O-O Nxe4 6. d4 b5 7. Bb3 d5 8. dxe5 Be6 9. Nbd2 Nc5 10. c3 Be7 11. Bc2 d4 12. Nb3 {[%emt 0:01:20] C83: Open Ruy Lopez: 9 c3 Be7.} d3 13. Bb1 Nxb3 14. axb3 {[%emt 0:00:05] White is slightly better.} Bf5 15. b4 O-O 16. Re1 Qd5 {[%emt 0:09:34] [#]} ({Black should try} 16... h6 $14) 17. Ba2 $146 (17. h3 $16) ({Predecessor:} 17. h3 Rfd8 18. g4 Be6 19. Re3 h5 20. Qxd3 Qxd3 21. Bxd3 hxg4 22. hxg4 Bd5 23. Bc2 Bxf3 24. Rxf3 Nxe5 {1-0 (52) Karjakin,S (2723)-Mamedyarov,S (2719) Khanty-Mansiysk 2009 CBM 134 [Karjakin,S]}) 17... Qd7 $11 18. Bg5 a5 19. Bxe7 Qxe7 20. Bd5 Qd7 21. Bxc6 Qxc6 22. bxa5 Qd5 23. Nd4 Bg6 24. Qb3 Rfd8 25. Qxd5 (25. Qxb5 d2 26. Red1 Qxb5 27. Nxb5 Bc2 $11) 25... Rxd5 26. b4 (26. h3 $142) 26... c5 $16 27. Nxb5 (27. Nf3 $16) 27... d2 (27... cxb4 $1 $15 28. Nc7 Rdxa5 29. Nxa8 d2) 28. Red1 Bc2 29. Nc7 $1 Bxd1 30. Nxd5 $11 {[%emt 0:01:57][%mdl 4096] Endgame KRB-KRN} ({Don't blunder} 30. Rxd1 $2 Rxe5 31. Kf1 cxb4 $1 32. cxb4 (32. Nxa8 {is a self mate.} bxc3 33. Rb1 Re8 34. g3 c2 35. Ra1 d1=Q+) 32... Rc8 33. Rxd2 Re7 $19) 30... Be2 31. Ne3 {[%emt 0:00:40] Against d1Q+. f3 is the strong threat.} cxb4 32. cxb4 Rc8 {[%emt 0:09:30] ( -> ...Rc1+)} 33. f3 $1 {[%emt 0:00:12] aiming for Kf2.} Rc1+ 34. Kf2 Rxa1 35. Kxe2 {[%emt 0:00:11] KR-KN} Rb1 (35... d1=R $11 36. Nxd1 Ra4) 36. Kxd2 $14 {[%emt 0:01:35] Threatens to win with Nc2.} Rxb4 {[%emt 0:00:06] [#]} 37. Kc3 $1 Rb5 (37... Ra4 $2 38. Nc4 $18) 38. Nc4 {[%emt 0:00:07] Hoping for Kd4.} Kf8 39. Kd4 ({Not} 39. a6 Rb8 40. h4 Ra8 $17) ({Better is} 39. f4 $16) 39... Ke7 $2 (39... Rb1 $1 $11) 40. a6 $18 {[%emt 0:00:00][%cal Ba5a6,Ba6a7][%mdl 32] a7 would kill now.} Rb1 $2 (40... Rb4 41. Kc5 Ra4) 41. a7 Ra1 42. Nb6 {[%emt 0:00:23] Weighted Error Value: White=0.22 (precise) /Black=0.31} 1-0

[Event "3rd Tal Heraklion-IM 2022"]
[Site "Heraklion"]
[Date "2022.05.02"]
[Round "7.2"]
[White "Langrock, Hannes"]
[Black "Rakshitta Ravi"]
[Result "1/2-1/2"]
[ECO "E06"]
[WhiteElo "2351"]
[BlackElo "2240"]
[Annotator "TA"]
[PlyCount "31"]
[EventDate "2022.04.18"]
[EventType "tourn"]
[EventCountry "GRE"]
[SourceTitle "playchess.com"]
[Source "ChessBase"]
[SourceQuality "1"]
[TimeControl "40/5400+30:1800+30"]

1. d4 Nf6 2. Nf3 d5 3. g3 e6 4. Bg2 Be7 5. O-O O-O 6. c4 dxc4 7. Qc2 c6 8. Qxc4 b5 {[%emt 0:00:11] E06: Closed Catalan: Early deviations.} 9. Qb3 Bb7 10. Rd1 Nbd7 11. Ne5 Qb6 {[%emt 0:10:20] [#]} 12. Be3 $146 ({Predecessor:} 12. Nxd7 Nxd7 13. Nc3 b4 14. Na4 Qb5 15. Be3 Rad8 16. Qc2 Ba6 17. Bf3 e5 18. Qxc6 Qxc6 19. Bxc6 Bxe2 {1-0 (54) Barber,P (2336)-Graham,O (2244) ICCF email 2018}) 12... c5 {[%emt 0:00:00] The position is equal.} 13. Bxb7 Qxb7 14. Nxd7 Nxd7 15. Nc3 cxd4 16. Bxd4 {[%emt 0:00:00] An interesting draw.  Weighted Error Value: White=0.05 (flawless) /Black=0.04 (flawless)} 1/2-1/2

[Event "3rd Tal Heraklion-IM 2022"]
[Site "Heraklion"]
[Date "2022.05.02"]
[Round "7.3"]
[White "Peng, Li Min"]
[Black "Cmiel, Thorsten"]
[Result "1-0"]
[ECO "E32"]
[WhiteElo "2517"]
[BlackElo "2079"]
[Annotator "TA"]
[PlyCount "49"]
[EventDate "2022.04.18"]
[EventType "tourn"]
[EventCountry "GRE"]
[SourceTitle "playchess.com"]
[Source "ChessBase"]
[SourceQuality "1"]
[TimeControl "40/5400+30:1800+30"]

1. d4 Nf6 2. c4 e6 3. Nc3 Bb4 4. Qc2 O-O 5. e4 d5 6. e5 Ne4 7. Bd3 c5 8. Nf3 {[%emt 0:01:08] E32: Nimzo-Indian: Classical (4 Qc2): 4...0-0.} cxd4 9. Nxd4 Nd7 10. Bf4 {[%emt 0:00:02] The position is equal.} Qh4 11. g3 Qh5 12. O-O g5 13. cxd5 Bxc3 14. bxc3 exd5 15. Bxe4 dxe4 16. e6 gxf4 17. exd7 Bxd7 18. Qxe4 fxg3 19. fxg3 {[%emt 0:00:01] [#]} b5 $146 ({Predecessor:} 19... b6 20. Nf5 Rae8 21. Qd5 Bxf5 22. Rxf5 Qe2 23. Raf1 Qe3+ 24. R1f2 Qe1+ 25. Rf1 Qe3+ 26. R1f2 Qe1+ 27. Rf1 Qe3+ {½-½ (27) So,W (2770)-Ding,L (2799) chess24.com INT 2021}) 20. Nf5 {[%emt 0:00:14] [#] Threatens to win with Ne7+.} Bxf5 21. Rxf5 Qg6 22. Raf1 Qb6+ 23. Kg2 {[%emt 0:01:20] aiming for Rg5+. White is more active.} Rae8 (23... Rab8 $16 {keeps fighting.}) 24. Rg5+ $18 Kh8 {[%emt 0:00:32] [#]} 25. Rxf7 $1 {[%emt 0:00:02][%mdl 512] Weighted Error Value: White=0.01 (flawless) /Black=0.10 (very precise)} 1-0

[Event "3rd Tal Heraklion-IM 2022"]
[Site "Heraklion"]
[Date "2022.05.02"]
[Round "7.5"]
[White "Lirindzakis, Timotheos"]
[Black "Sandalakis, Nikolaos"]
[Result "1/2-1/2"]
[ECO "C01"]
[WhiteElo "2164"]
[BlackElo "2240"]
[Annotator "TA"]
[PlyCount "34"]
[EventDate "2022.04.18"]
[EventType "tourn"]
[EventCountry "GRE"]
[SourceTitle "playchess.com"]
[Source "ChessBase"]
[SourceQuality "1"]
[TimeControl "40/5400+30:1800+30"]

1. e4 e6 2. d4 d5 3. exd5 exd5 4. Bd3 Bd6 5. Nf3 Nf6 6. O-O O-O 7. c3 c6 8. Bg5 Bg4 9. Nbd2 Nbd7 10. Qc2 Qc7 {The position is equal.} 11. Bh4 {C01: French: Exchange Variation.} Bh5 12. Bg3 Bxg3 {has lost popularity (12...Bg6).} 13. hxg3 Rae8 14. Rfe1 {[%emt 0:07:00] [#] A rather calm draw.  Weighted Error Value: White=0.09 (flawless) /Black=0.05 (flawless)} {Predecessor:} Bg6 $146 15. Bxg6 hxg6 16. Rxe8 Rxe8 17. Re1 Rxe1+ {½-½ (17) Lisiecki,R (1727)-Graff,S Polanica Zdroj 2021} 1/2-1/2

[Event "3rd Tal Heraklion-IM 2022"]
[Site "Heraklion"]
[Date "2022.05.03"]
[Round "8.1"]
[White "Kotsinis, Alexandros"]
[Black "Sandalakis, Nikolaos"]
[Result "1-0"]
[ECO "D10"]
[WhiteElo "2055"]
[BlackElo "2240"]
[Annotator "TA"]
[PlyCount "81"]
[EventDate "2022.04.18"]
[EventType "tourn"]
[EventCountry "GRE"]
[SourceTitle "playchess.com"]
[Source "ChessBase"]
[SourceQuality "1"]
[TimeControl "40/5400+30:1800+30"]

1. d4 d5 2. c4 c6 3. cxd5 cxd5 4. Bf4 Nc6 5. e3 Nf6 6. Nc3 a6 7. Bd3 Bg4 8. f3 Bh5 9. g4 {[%emt 0:07:55] D10: Slav Defence: 3 cxd5 (without early Nf3) and 3 Nc3.} Bg6 10. h4 e6 11. h5 {[%emt 0:00:09] The position is equal.} Bxd3 12. Qxd3 Bd6 13. Nge2 Bxf4 14. Nxf4 {[%emt 0:06:42] [#]} h6 $146 ({Predecessor:} 14... Qb6 15. O-O-O O-O-O 16. g5 Nd7 17. g6 hxg6 18. hxg6 Nb4 19. Qb1 Rxh1 20. Rxh1 fxg6 {1-0 (36) Papasimakopoulos,A (2259)-Meduri,A (2000) Chess.com INT 2022}) 15. O-O-O Qa5 16. Kb1 O-O-O 17. Rhg1 Nh7 18. Qc2 Kb8 19. Nd3 Rc8 20. Qa4 Rc7 21. b4 Qxa4 22. Nxa4 Ka7 23. Nac5 b6 24. Nb3 Nf6 25. Rc1 Rhc8 26. a4 Ne8 27. g5 Nd6 28. g6 Nc4 29. gxf7 Rxf7 30. b5 axb5 31. axb5 Ne7 {[%emt 0:01:06] [#]} (31... Na3+ $11 32. Kb2 Nxb5) 32. Ne5 $16 Nxe5 33. Rxc8 (33. dxe5 $18 {Hoping for Rxc8.} Rxc1+ 34. Kxc1) 33... Nxc8 34. dxe5 {[%emt 0:00:01][%mdl 4096] Endgame KRN-KRN} Ne7 $2 {[%emt 0:00:42][%mdl 8192] Black cannot hold the game after this.} (34... Rxf3 $16 35. Nd4 Rxe3) 35. Nd4 $18 Nf5 (35... Kb8 {was necessary.} 36. Nxe6 Nf5) 36. Nxf5 {[%emt 0:01:03] White is clearly winning.} exf5 37. f4 Kb7 (37... Rc7 $142 38. Rg6 Kb8) 38. Kc2 Kc7 39. Kd3 Kd7 40. Kd4 Ke6 41. Rg6+ {[%emt 0:00:32] Weighted Error Value: White=0.10 (very precise) /Black=0.36} 1-0